Map: Golden Wall LE

Players

GogojOey

  • Race: Zerg Zerg
  • Spawn Location: 5:00

Has - Winner!

  • Race: Protoss Protoss
  • Spawn Location: 7:00

Event: DreamHack SC2 Masters 2020 Fall

VOD

Have the link to the VOD?

Description

Time

  • Played on: Aug. 26, 2020, 8:09 a.m.
  • Length: 10:40

All games in this series

Show
View Real Time Build Order
Export as new Build Order

GogojOey Zerg 

Build Orders: Pool First 

Get SALT Encoding   

  12  0:00  Drone  
  13  0:12  Overlord  
  13  0:17  Drone  
  14  0:30  Drone x2  
  14  0:34  Drone  
  17  0:44  Extractor  
  17  0:45  Drone  
  17  0:50  Spawning Pool  
  17  0:56  Drone  
  17  1:07  Drone  
  18  1:21  Hatchery  
  18  1:22  Drone  
  18  1:36  Queen  
  18  1:37  Zergling x2  
  21  1:40  Zergling x2  
  22  1:49  Metabolic Boost  
  22  1:53  Overlord  
  22  2:11  Drone x2  
  22  2:14  Queen  
  26  2:29  Hatchery  
  25  2:32  Drone  
  26  2:38  Drone  
  26  2:40  Drone  
  28  2:46  Drone x2  
  29  2:55  Drone  
  29  2:56  Overlord  
  29  2:57  Drone  
  31  2:59  Drone  
  31  3:02  Drone  
  33  3:06  Drone  
  33  3:10  Drone  
  35  3:17  Drone, Queen  
  38  3:23  Drone x2  
  38  3:24  Drone  
  41  3:28  Drone, Spore Crawler  
  41  3:32  Overlord  
  41  3:39  Spore Crawler  
  39  3:46  Drone  
  39  3:47  Drone x3  
  44  3:52  Drone, Spore Crawler  
  44  3:54  Drone  
  45  3:59  Drone, Overlord  
  45  4:00  Drone  
  47  4:06  Overlord  
  47  4:07  Drone x2  
  49  4:10  Overlord  
  49  4:18  Lair  
  49  4:24  Drone, Queen, Spore Crawler  
  50  4:26  Drone  
  50  4:27  Drone  
  50  4:29  Drone  
  53  4:34  Roach Warren  
  53  4:37  Drone x2  
  54  4:45  Drone x4  
  58  4:46  Drone x2  
  58  4:50  Extractor x2  
  58  4:51  Queen  
  60  4:56  Zergling x6  
  63  5:03  Drone x2  
  65  5:12  Drone  
  65  5:16  Spore Crawler  
  65  5:20  Drone  
  65  5:22  Glial Reconstitution  
  65  5:27  Overlord x3  
  65  5:31  Overseer  
  65  5:34  Overlord x2  
  65  5:41  Overlord  
  65  5:43  Spire  
  65  5:45  Queen, Extractor  
  65  5:46  Drone x2  
  65  5:48  Drone x4  
  71  5:52  Drone x3  
  71  5:56  Drone x3  
  77  5:58  Drone x2  
  79  6:04  Queen  
  79  6:06  Drone x3  
  85  6:11  Drone x2  
  85  6:13  Extractor  
  85  6:17  Spore Crawler  
  85  6:18  Overlord, Spore Crawler  
  83  6:20  Drone  
  83  6:22  Drone, Queen  
  84  6:37  Drone  
  84  6:39  Spire  
  84  6:40  Drone x5  
  84  6:43  Drone x2  
  84  6:44  Drone  
  89  6:47  Extractor  
  89  6:52  Drone x3  
  87  6:58  Hatchery  
  86  7:01  Queen  
  86  7:08  Drone x3, Overlord  
  88  7:10  Zergling x6  
  88  7:13  Queen  
  88  7:14  Evolution Chamber  
  88  7:15  Zergling x6  
  90  7:16  Extractor  
  90  7:19  Drone x2  
  91  7:24  Drone x2  
  91  7:25  Overlord  
  93  7:34  Spore Crawler  
  93  7:35  Drone x3  
  95  7:37  Spore Crawler  
  95  7:39  Spore Crawler  
  95  7:41  Zerg Melee Weapons Level 1  
  93  7:44  Overseer  
  93  7:54  Mutalisk x10  
  113  8:01  Mutalisk  
  115  8:07  Zerg Flyer Weapons Level 1  
  115  8:08  Hatchery  
  114  8:18  Mutalisk x3  
  120  8:26  Mutalisk  
  122  8:29  Extractor  
  122  8:30  Extractor  
  116  8:36  Mutalisk  
  116  8:42  Overlord x2  
  116  8:55  Overlord  
  115  9:03  Mutalisk x3  
  117  9:12  Hatchery  
  114  9:22  Corruptor x2  
  110  9:30  Mutalisk  
  106  9:41  Drone x2  
  106  9:43  Drone x2  
  112  9:49  Mutalisk x2  
  112  9:51  Zergling x12  
  122  9:53  Queen  
  122  9:54  Spore Crawler  
  122  9:55  Drone x4, Spore Crawler  
  122  9:56  Spore Crawler  
  125  10:00  Drone x3  
  125  10:07  Mutalisk x2  
  125  10:09  Spore Crawler  
  125  10:11  Spore Crawler  
  113  10:21  Overlord x2  
Show
View Real Time Build Order
Export as new Build Order

Has Protoss - Winner!

Build Orders: 1 Gate Expand 

Get SALT Encoding   

  12  0:00  Probe  
  13  0:12  Probe  
  14  0:19  Pylon  
  14  0:24  Probe (Chrono Boost)  
  15  0:38  Probe (Chrono Boost)  
  15  0:42  Gateway  
  16  0:46  Probe (Chrono Boost)  
  16  0:47  Assimilator  
  17  0:52  Probe  
  18  1:04  Probe  
  19  1:17  Probe  
  20  1:26  Nexus  
  20  1:34  Cybernetics Core  
  21  1:43  Assimilator  
  21  1:48  Pylon  
  21  1:51  Probe  
  21  1:57  Zealot  
  23  2:06  Probe (Chrono Boost)  
  24  2:16  Stargate  
  24  2:19  Probe (Chrono Boost)  
  25  2:22  Adept (Chrono Boost)  
  25  2:25  Probe (Chrono Boost)  
  28  2:33  Warp Gate, Probe  
  29  2:38  Probe  
  30  2:47  Probe (Chrono Boost)  
  30  2:50  Probe (Chrono Boost)  
  31  2:55  Void Ray (Chrono Boost)  
  32  3:01  Probe (Chrono Boost)  
  32  3:02  Probe (Chrono Boost)  
  37  3:06  Probe (Chrono Boost)  
  37  3:10  Probe  
  39  3:16  Gateway  
  39  3:18  Probe  
  40  3:23  Probe  
  41  3:27  Pylon  
  41  3:30  Probe  
  42  3:37  Probe (Chrono Boost)  
  43  3:42  Probe (Chrono Boost)  
  43  3:52  Probe (Chrono Boost)  
  43  3:53  Assimilator x2, Probe (Chrono Boost)  
  44  3:57  Probe (Chrono Boost)  
  44  4:00  Stargate, Probe  
  44  4:02  Void Ray  
  46  4:07  Pylon  
  46  4:08  Probe  
  51  4:12  Probe  
  54  4:24  Probe  
  54  4:26  Fleet Beacon  
  54  4:28  Adept  
  54  4:30  Adept  
  58  4:32  Pylon  
  58  4:34  Probe  
  58  4:37  Probe  
  59  4:44  Void Ray  
  59  4:46  Probe  
  59  4:50  Void Ray  
  64  4:58  Probe  
  64  4:59  Probe  
  70  5:09  Unknown  
  70  5:14  Probe  
  67  5:27  Void Ray (Chrono Boost), Pylon  
  67  5:28  Shield Battery  
  70  5:37  Void Ray (Chrono Boost)  
  70  5:42  Nexus, Pylon  
  70  5:45  Probe x2  
  76  5:53  Stargate  
  76  5:55  Adept  
  78  6:00  Probe x2  
  78  6:01  Pylon x2  
  80  6:05  Void Ray  
  80  6:06  Pylon  
  84  6:13  Probe  
  84  6:15  Probe  
  84  6:16  Void Ray  
  86  6:25  Probe  
  91  6:27  Probe  
  92  6:37  Probe  
  92  6:38  Void Ray (Chrono Boost)  
  92  6:39  Probe  
  98  6:49  Probe  
  98  6:51  Probe  
  98  6:53  Void Ray (Chrono Boost)  
  100  6:55  Probe  
  100  6:56  Assimilator  
  100  6:57  Assimilator  
  100  7:00  Pylon  
  106  7:01  Probe  
  106  7:03  Probe  
  106  7:05  Void Ray (Chrono Boost)  
  106  7:07  Probe  
  104  7:13  Probe  
  109  7:17  Probe  
  109  7:19  Shield Battery, Void Ray (Chrono Boost)  
  109  7:20  Probe  
  111  7:25  Probe  
  111  7:28  Void Ray (Chrono Boost)  
  111  7:29  Pylon, Probe  
  117  7:32  Forge, Probe  
  117  7:35  Void Ray  
  122  7:40  Nexus  
  122  7:42  Pylon  
  126  7:52  Protoss Air Weapons Level 1 (Chrono Boost)  
  126  7:53  Probe x2  
  126  7:54  Pylon  
  126  7:56  Pylon  
  126  7:57  Pylon  
  128  8:03  Probe  
  133  8:05  Probe  
  133  8:07  Robotics Facility  
  142  8:20  Probe x2  
  142  8:23  Assimilator  
  144  8:27  Assimilator  
  144  8:31  Photon Cannon  
  144  8:33  Photon Cannon  
  150  8:46  Phoenix x3 (Chrono Boost)  
  135  8:49  Probe x3  
  135  8:54  Stalker x2  
  130  9:03  Probe  
  130  9:06  Phoenix x2  
  130  9:07  Phoenix, Probe  
  133  9:13  Probe  
  133  9:15  Probe  
  134  9:19  Probe  
  133  9:25  Probe  
  138  9:31  Phoenix x2 (Chrono Boost)  
  138  9:32  Phoenix (Chrono Boost), Probe x3  
  138  9:37  Probe  
  144  9:55  Pylon  
  144  9:57  Pylon, Probe x4  
  144  9:59  Pylon  
  162  10:21  Probe x2  
  164  10:22  Probe  

Tags
 
Add a new tag
Caveats
  • Supply blocks, unpowered buildings, or Contaminate may cause inaccurate times.
  • Supply counts are checked every 10 seconds.